 Dungeon Crawl Stone Soup version 0.28.0-53-g5a82cb258f (webtiles) character file.

Game seed: 16261158468226803100

391306 concernfroge the Sorcerer (level 22, -7/127 HPs)
             Began as a Deep Elf Conjurer on July 4, 2022.
             Was a Priest of Sif Muna.
             Killed from afar by an ancient lich (51 damage)
             ... with a crystal spear
             ... on level 3 of the Crypt on July 9, 2022.
             The game lasted 06:31:55 (71728 turns).

concernfroge the Sorcerer (Deep Elf Conjurer)      Turns: 71728, Time: 06:31:57

Health: -7/127     AC: 16    Str:  8    XL:     22   Next: 10%
Magic:  4/50       EV: 19    Int: 32    God:    Sif Muna [***...]
Gold:   957        SH: 13    Dex: 17    Spells: 5/65 levels left

rFire   . . .      SeeInvis .   c - staff of conjuration
rCold   . . .      Faith    +   G - +0 kite shield {reflect}
rNeg    + + +      Spirit   .   k - +2 robe of the Black Moon {rPois rN++ Str+3}
rPois   +          Reflect  +   l - +2 helmet
rElec   +          Harm     .   S - scarf {repulsion}
rCorr   +          Rampage  .   r - +2 pair of gloves
Will    ++++.      Clarity  +   B - +2 pair of boots
Stlth   ++........              Y - amulet "Luegicso" {Faith rElec Will+ rCorr Int-4}
HPRegen 0.31/turn               X - ring of the Octopus King {rN+ AC+1 EV+1 Str+1 Int+1 Dex+1}
MPRegen 0.32/turn               D - ring "Wivvitep" {Drain Will+ rCorr Dex+3}

@: disjoining, marked, hasted, studying 2 skills, repel missiles, very quick
A: iridescent scales 1, clarity, clever 1, weak 1
}: 2/15 runes: decaying, gossamer
a: Renounce Religion, Channel Magic, Forget Spell


You were on level 3 of the Crypt.
You worshipped Sif Muna.
Sif Muna was most pleased with you.
You visited 9 branches of the dungeon, and saw 43 of its levels.
You also visited: Volcano.

You collected 5753 gold pieces.
You spent 4796 gold pieces at shops.

Inventory:

Missiles
 P - a throwing net
Armour
 k - the +2 robe of the Black Moon (worn) {rPois rN++ Str+3}
   (You bought it in a shop on level 1 of the Vaults)

   Str:       It affects your strength (+3).
   rPois:     It protects you from poison.
   rN:        It greatly protects you from negative energy.
 l - a +2 helmet (worn)
 r - a +2 pair of gloves (worn)
 x - a +0 troll leather armour
 B - a +2 pair of boots (worn)
 G - a +0 kite shield of reflection (worn)
 S - a scarf of repulsion (worn)
Magical Staves
 c - a staff of conjuration (weapon)
Jewellery
 t - the ring "Gohocvu" {Fly rN+}
   (You found it on level 1 of the Crypt)

   [ring of positive energy]

   rN:        It protects you from negative energy.
   Fly:       It grants you flight.
 D - the ring "Wivvitep" (right hand) {Drain Will+ rCorr Dex+3}
   (You found it on level 3 of the Lair of Beasts)

   [ring of willpower]

   Dex:       It affects your dexterity (+3).
   rCorr:     It protects you from acid and corrosion.
   Drain:     It drains your maximum health when unequipped.
   Will:      It increases your willpower.
 X - a ring of the Octopus King (left hand) {rN+ AC+1 EV+1 Str+1 Int+1 Dex+1}
   (You found it on level 4 of the Vaults)

   [ring of positive energy]

   AC:        It affects your AC (+1).
   EV:        It affects your evasion (+1).
   Str:       It affects your strength (+1).
   Int:       It affects your intelligence (+1).
   Dex:       It affects your dexterity (+1).
   rN:        It protects you from negative energy.
 Y - the amulet "Luegicso" (around neck) {Faith rElec Will+ rCorr Int-4}
   (You bought it in a shop on level 2 of the Orcish Mines)

   [amulet of faith]

   It allows you to gain divine favour quickly.
   Int:       It affects your intelligence (-4).
   rElec:     It insulates you from electricity.
   rCorr:     It protects you from acid and corrosion.
   Will:      It increases your willpower.
Wands
 e - a wand of iceblast (17)
 h - a wand of paralysis (9)
 j - a wand of charming (8)
 C - a wand of polymorph (7)
 E - a wand of digging (2)
 I - a wand of acid (4)
 Q - a wand of flame (9) (quivered)
 V - a wand of mindburst (13)
Scrolls
 d - 3 scrolls of fog
 g - 11 scrolls of teleportation
 i - 8 scrolls of magic mapping
 n - a scroll of amnesia
 o - 3 scrolls of blinking
 q - 6 scrolls of vulnerability
 y - 2 scrolls of immolation
 L - a scroll of summoning
 N - 3 scrolls of torment
 U - a scroll of holy word
 W - a scroll of silence
Potions
 a - 5 potions of invisibility
 b - 2 potions of mutation
 f - 9 potions of lignification
 m - 4 potions of haste
 p - 6 potions of resistance
 u - 12 potions of curing
 v - 9 potions of brilliance
 w - a potion of flight
 z - 3 potions of magic
 F - 2 potions of might
 H - 6 potions of heal wounds
 K - 2 potions of cancellation
 O - 5 potions of ambrosia
Miscellaneous
 s - a lightning rod (4/4)
 A - a phantom mirror
 J - a tin of tremorstones (2/2)
 M - a box of beasts


   Skills:
 - Level 10.0 Fighting
 - Level 12.0 Dodging
 - Level 2.4 Stealth
 - Level 12.0 Shields
 + Level 22.0 Spellcasting
 + Level 19.2 Conjurations
 + Level 22.0 Hexes
 + Level 18.5 Translocations
 - Level 10.0 Invocations
 - Level 10.0 Evocations


You had 5 spell levels left.
You knew the following spells:

 Your Spells              Type           Power      Damage    Failure   Level
a - Magic Dart            Conj           100%       1d8       0%          1
b - Searing Ray           Conj           100%       2d8       0%          2
c - Enfeeble              Hex            54%        N/A       1%          7
d - Fulminant Prism       Conj/Hex       64%        3d27      0%          4
e - Iskenderun's Mystic   Conj/Tloc      100%       2d19      0%          4
f - Cause Fear            Hex            54%        N/A       0%          4
g - Disjunction           Tloc           50%        N/A       6%          8
h - Dispersal             Tloc           50%        N/A       1%          6
j - Iskenderun's Battles  Conj           100%       2d15      1%          5
k - Orb of Destruction    Conj           63%        9d15      1%          7
m - Discord               Hex            54%        N/A       1%          8
n - Passage of Golubria   Tloc           100%       N/A       0%          4

Your spell library contained the following spells:

 Spells                   Type           Power      Damage    Failure   Level
 Apportation              Tloc           100%       N/A       0%          1
 Slow                     Hex            100%       N/A       0%          1
 Dazzling Flash           Conj/Hex       100%       N/A       0%          3
 Gell's Gravitas          Tloc           100%       N/A       0%          3
 Lesser Beckoning         Tloc           100%       N/A       0%          3
 Portal Projectile        Hex/Tloc       100%       N/A       0%          3
 Teleport Other           Tloc           100%       N/A       0%          3
 Tukima's Dance           Hex            100%       N/A       0%          3
 Animate Skeleton         Necr           70%        N/A       1%          1
 Foxfire                  Conj/Fire      100%       2x1d9     1%          1
 Pain                     Necr           100%       1d9       1%          1
 Shock                    Conj/Air       100%       1d9       1%          1
 Sting                    Tmut/Pois      100%       1d8       1%          1
 Summon Small Mammal      Summ           100%       N/A       1%          1
 Ensorcelled Hibernation  Hex/Ice        100%       N/A       1%          2
 Conjure Flame            Conj/Fire      98%        6-21      1%          3
 Inner Flame              Hex/Fire       81%        N/A       1%          3
 Mephitic Cloud           Conj/Pois/Air  85%        N/A       1%          3
 Stone Arrow              Conj/Erth      100%       3d13      1%          3
 Summon Guardian Golem    Hex/Summ       81%        N/A       1%          3
 Anguish                  Hex/Necr       40%        N/A       1%          4
 Flame Wave               Conj/Fire      98%        2d16      1%          4
 Hailstorm                Conj/Ice       98%        3d19      1%          4
 Leda's Liquefaction      Hex/Erth       40%        N/A       1%          4
 Sticky Flame             Conj/Fire      98%        2d11      1%          4
 Fireball                 Conj/Fire      49%        3d19      1%          5
 Lightning Bolt           Conj/Air       49%        1d69      1%          5
 Manifold Assault         Tloc           100%       N/A       1%          5
 Metabolic Englaciation   Hex/Ice        40%        N/A       1%          5
 Silence                  Hex/Air        40%        N/A       1%          5
 Summon Mana Viper        Hex/Summ       81%        N/A       1%          5
 Yara's Violent Unravell  Hex/Tmut       40%        3d16      1%          5
 Call Imp                 Summ           35%        N/A       2%          2
 Sublimation of Blood     Necr           35%        N/A       2%          2
 Wereblood                Tmut           35%        N/A       2%          2
 Freezing Cloud           Conj/Ice/Air   42%        6-21      3%          5
 Call Canine Familiar     Summ           35%        N/A       5%          3
 Frozen Ramparts          Ice            70%        1d9       5%          3
 Ignite Poison            Fire/Tmut/Pois 35%        N/A       5%          3
 Vampiric Draining        Necr           35%        2d8       5%          3
 Airstrike                Air            17%        N/A       19%         4
 Animate Armour           Summ/Erth      70%        N/A       19%         4
 Ice Form                 Ice/Tmut       35%        N/A       19%         4
 Olgreb's Toxic Radiance  Pois           35%        N/A       19%         4
 Petrify                  Tmut/Erth      35%        N/A       19%         4
 Summon Ice Beast         Ice/Summ       35%        N/A       19%         4
 Summon Lightning Spire   Summ/Air       35%        N/A       19%         4
 Alistair's Intoxication  Tmut/Pois      23%        N/A       45%         5
 Blade Hands              Tmut           17%        N/A       45%         5
 Borgnjor's Vile Clutch   Necr/Erth      17%        N/A       45%         5
 Excruciating Wounds      Necr           17%        N/A       45%         5
 Lee's Rapid Deconstruct  Erth           17%        3d12*     45%         5
 Conjure Ball Lightning   Conj/Air       49%        3x3d17    5%          6
 Iron Shot                Conj/Erth      49%        9d9       5%          6
 Starburst                Conj/Fire      49%        6d13      5%          6
 Spellforged Servitor     Conj/Summ      49%        N/A       30%         7
 Malign Gateway           Summ/Tloc      38%        N/A       34%         7
 Lehudib's Crystal Spear  Conj/Erth      49%        10d12     93%         8
 Simulacrum               Ice/Necr       17%        N/A       95%         6
 Statue Form              Tmut/Erth      23%        N/A       95%         6
 Ozocubu's Refrigeration  Ice            17%        4d8       100%        7
 Summon Hydra             Summ           17%        N/A       100%        7
 Ignition                 Fire           17%        3d7       100%        8
 Death's Door             Necr           17%        N/A       100%        9
 Polar Vortex             Ice            17%        N/A       100%        9
 Shatter                  Erth           17%        3d16*     100%        9


Dungeon Overview and Level Annotations

Branches:
Dungeon (15/15)            Temple (1/1) D:7            Lair (6/6) D:8
  Swamp (4/4) Lair:2       Spider (4/4) Lair:3        Slime (0/5) Lair:5
    Orc (2/2) D:9             Elf (0/3) Orc:2        Vaults (4/5) D:13
  Crypt (3/3) Vaults:3       Tomb (0/3) Crypt:3      Depths (4/4) D:15
    Zot (0/5) Depths:4    Volcano (visited)

Altars:
Ashenzari
Cheibriados
Dithmenos
Elyvilon
Fedhas
Gozag
Hepliaklqana
Kikubaaqudgha
Makhleb
Nemelex Xobeh
Okawaru
Qazlal
Ru
Sif Muna
Trog
Uskayaw
Vehumet
Wu Jian
Xom
Yredelemnul
Zin
The Shining One
Beogh
Jiyva

Shops:
D:3 :   D:6 [   D:8 ?   D:9 *   D:10 (   D:11 =   Orc:2 [*=(   Vaults:1 [
Vaults:2 *   Vaults:3 ?   Vaults:4 (   Depths:1 ![(:

Portals:
Hell: Depths:1 Depths:2 Depths:3 Depths:4
Abyss: D:4 Depths:1 Depths:3 Depths:4
Pandemonium: Depths:1 Depths:2 Depths:4
Ziggurat: Depths:4
Trove: D:11 (give +6 demon blade)

Annotations:
D:4 2 transporters, quokkamancerX's ghost, amateur GnIE
D:9 2 transporters, bchevrier's ghost, journeyman GnWn
D:12 1 runed translucent door, Stomo's ghost, journeyman DsMo
D:15 3 runed translucent doors, Puceqeiv's ghost, journeyman FoWn
Depths:2 1 transporter
Depths:3 exclusion: 2 orange crystal statues


Innate Abilities, Weirdness & Mutations

You are partially covered in iridescent scales. (AC +2)
You possess an exceptional clarity of mind.
Your mind is acute. (Int +2)
You are weak. (Str -2)


Message History

The mystic blast hits something.
Your battlesphere blinks!
The green death gestures at you. The blast of poison engulfs you.
You are poisoned.
You resist.
* * * LOW HITPOINT WARNING * * *
You feel better.
The blizzard demon blinks!
Casting: Iskenderun's Mystic Blast (safe; 0% risk of failure)
Confirm with . or Enter, or press ? or * to list all spells.
You feel a surge of power!
You erupt in a blast of force!
The mystic blast hits the green death!!
The green death is severely wounded.
The green death is knocked back by the mystic blast.
The green death slams into the metal wall!
The translocation energy dissipates.
Your battlesphere fires!
The barrage of energy hits the green death!
The green death is almost dead.
Casting: Iskenderun's Mystic Blast (safe; 0% risk of failure)
Confirm with . or Enter, or press ? or * to list all spells.
Your battlesphere blinks!
Something pulls the alarm!
The alarm trap emits a blaring wail!
A sentinel's mark forms upon you.
Casting: Disjunction (dangerous; 6% risk of failure)
Confirm with . or Enter, or press ? or * to list all spells.
Aiming: Orb of Destruction (dangerous; 1% risk of failure)
Press: ? - help, Shift-Dir - straight line
Aim: Disturbance (translocational energy)
You feel a surge of power!
You feel less invigorated.
A barrage of energy appears from out of your range of vision.
The barrage of energy hits the green death!
You kill the green death!
The green death disappears in a puff of smoke!
You feel your bond with your battlesphere wane.
You hear some strange, mumbled words.
A crystal spear appears from out of thin air!
The crystal spear hits you!!!
You die...

......#################..........
####..#≈§§§≈≈≈≈≈≈≈≈≈≈≈#.......[..
#.)#≈≈≈§≈≈≈§≈≈≈≈≈≈§#..........
#..#≈§§≈.$:|)(.§≈≈≈#..........
#..#≈§..?))|))(..≈≈#....######
#..#≈§...[}=.{....≈#....# #
#..##.....§○§.°....#....# #
#..#....8.###*○.§..#....# #
#..#.....^.☼○@☼☼...#....# #
#..#######''☼#######....# #
#...##.....○....^##.....# #
####...##...........##.....######
........###.§).§..###[...........
####......##'''''##..............
#..................########...
#..................#......#...
#..............(...#......#.(.


There were no monsters in sight!

Vanquished Creatures
  Mara (Depths:3)
  2 golden dragons (Depths:4)
  A profane servitor (Crypt:1)
  Arachne (Spider:2)
  3 liches
  3 tentacled monstrosities
  Asterion (Vaults:1)
  2 quicksilver dragons (Depths:4)
  A titan (Depths:3)
  3 sphinxes
  7 ancient champions
  A thorn hunter (Swamp:4)
  3 shadow dragons (Depths:4)
  A storm dragon (Depths:4)
  2 fenstrider witches
  2 fire giants
  A revenant (Crypt:1)
  4 draconian monks (Depths:4)
  A nargun (Depths:3)
  5 frost giants
  4 ghost moths
  An orc warlord (Orc:2)
  9 vault wardens
  4 emperor scorpions
  A draconian shifter (Depths:4)
  A balrug (Depths:2)
  Louise (Spider:2)
  2 war gargoyles (Vaults:3)
  7 stone giants
  3 ghouls
  2 reapers
  10 ironbound preservers
  3 draconian annihilators (Depths:4)
  5 very ugly things
  2 ironbound thunderhulks (Vaults:1)
  7 vampire knights
  A green draconian (Depths:4)
  A black draconian (Depths:4)
  2 eleionomae
  4 red draconians (Depths:4)
  4 white draconians (Depths:4)
  16 dire elephants
  3 entropy weavers
  2 green deaths (Swamp:4)
  3 bunyips
  5 purple draconians (Depths:4)
  9 spark wasps
  2 ettins
  A blizzard demon (Depths:3)
  3 eidola
  A crystal guardian (Vaults:3)
  3 deep elf death magi
  20 jiangshi
  A deep elf high priest (Vaults:2)
  2 fire dragons
  3 yaktaur captains
  22 hydras
  8 vault guards
  7 ice dragons
  4 great orbs of eyes
  3 spriggan air magi
  3 peacekeepers (Vaults:3)
  A rakshasa (Depths:1)
  5 boulder beetles
  2 hell beasts (Swamp:4)
  Erica (Orc:1)
  A ghost crab (Swamp:2)
  4 catoblepae
  A fenstrider witch zombie (Crypt:1)
  7 ironbound frosthearts
  2 radroaches (Spider:4)
  2 jorogumos (Spider:3)
  11 centaur warriors
  2 death knights (Crypt:1)
  5 alligators
  5 two-headed ogres
  A fenstrider witch skeleton (Crypt:2)
  2 deep troll shamans
  3 tengu warriors
  13 vampire magi
  An orc high priest (Orc:2)
  5 deep troll earth magi
  5 death yaks
  2 thrashing horrors (Swamp:4)
  A soul eater (Crypt:3)
  A spriggan berserker (Depths:4)
  A shock serpent (D:15)
  2 sun demons
  Nergalle (D:10)
  2 emperor scorpion zombies (Crypt:2)
  3 hell knights
  2 storm dragon zombies
  6 goliath frogs
  A sun moth (Spider:3)
  6 iron trolls
  5 pharaoh ants
  2 shadow wraiths
  18 skeletal warriors
  25 deep trolls
  A ghost moth zombie (Crypt:2)
  4 glowing orange brains
  2 death drakes
  9 bog bodies
  A spriggan druid (Swamp:4)
  10 wizards
  9 swamp dragons
  2 orange crystal statues
  A shadow demon (Depths:1)
  7 orb spiders
  A spriggan simulacrum (Depths:3)
  6 ironbound convokers
  6 orc knights (Orc:2)
  16 lindwurms
  A deep elf pyromancer (D:13)
  4 flayed ghosts
  7 necromancers
  A fire giant zombie (Depths:1)
  8 phantasmal warriors
  3 harpies (D:14)
  3 orc sorcerers (Orc:2)
  2 manticores
  3 will-o-the-wisps
  28 ugly things
  A stone giant skeleton (Crypt:1)
  A stone giant zombie (D:15)
  23 wolf spiders
  A tengu skeleton (Crypt:2)
  6 elephants
  6 black mambas
  9 torpor snails
  15 vault sentinels
  3 molten gargoyles
  13 cane toads
  A dire elephant zombie (Crypt:2)
  3 moths of wrath
  A gargoyle (D:10)
  A naga skeleton (Crypt:2)
  A yellow draconian zombie (Crypt:1)
  2 freezing wraiths
  13 yaktaurs
  2 unseen horrors (Depths:1)
  An orange demon (Swamp:4)
  A tengu conjurer (Depths:4)
  12 komodo dragons
  9 demonic crawlers
  3 hellwings
  5 trolls
  A bunyip simulacrum (Crypt:2)
  A sea snake skeleton (Crypt:1)
  2 death yak skeletons (Crypt:1)
  2 red devils
  2 harpy zombies
  A death drake zombie (Crypt:2)
  9 meliai
  A polar bear (Lair:2)
  A bloated husk (Swamp:2)
  12 hornets
  12 tyrant leeches
  13 tarantellas
  22 blink frogs
  A death drake skeleton (Crypt:3)
  2 spriggan zombies
  A hydra skeleton (Crypt:2)
  A merfolk zombie (Crypt:1)
  2 ice dragon zombies
  38 slime creatures
  Sigmund (D:3)
  An alligator zombie (Crypt:3)
  4 shadows (Swamp:4)
  19 culicivoras
  27 jumping spiders
  3 flying skulls (Crypt:2)
  3 wyverns
  2 spriggan skeletons
  5 spriggans
  4 wraiths
  2 vampires (Vaults:3)
  A dire elephant simulacrum (Crypt:2)
  31 yaks
  A black mamba skeleton (Crypt:2)
  2 fire bats (Volcano)
  8 small abominations (Depths:1)
  6 basilisks
  Eustachio (D:6)
  4 large abominations
  A steam dragon (Lair:2)
  55 redbacks
  7 vampire mosquitoes
  A naga zombie (Crypt:2)
  4 chaos spawn
  A wind drake skeleton (Crypt:1)
  17 swamp worms
  A harpy simulacrum (Crypt:2)
  3 wargs (Orc:2)
  15 water moccasins
  A cane toad zombie (Crypt:3)
  A faun skeleton (Crypt:2)
  A sky beast (D:6)
  2 ice beasts
  A manticore zombie (Crypt:2)
  3 necrophages
  A dream sheep zombie (Crypt:1)
  An ettin simulacrum (Depths:3)
  29 orc warriors
  A black bear (D:5)
  3 swamp drakes
  24 wolves
  10 ogres
  A blink frog skeleton (Crypt:2)
  13 centaurs
  A snapping turtle skeleton (Crypt:2)
  2 kobold brigands
  15 bullfrogs
  A gnoll sergeant (D:10)
  3 scorpions
  A yak zombie (Crypt:2)
  2 water moccasin skeletons (D:6)
  6 killer bees (D:8)
  4 howler monkeys
  8 wights
  8 electric eels
  8 lava snakes
  3 bullfrog zombies
  6 centaur zombies
  4 centaur skeletons
  3 jellies
  10 orc priests
  A wolf skeleton (Crypt:3)
  2 bullfrog skeletons
  2 iguanas (D:6)
  Natasha (thrice) (D:2)
  13 hell rats
  12 orc wizards
  A killer bee zombie (D:7)
  A felid skeleton (Crypt:3)
  A hound skeleton (D:4)
  A howler monkey skeleton (D:4)
  A howler monkey zombie (D:3)
  18 gnolls
  9 adders
  A river rat (Lair:1)
  A swamp drake skeleton (Crypt:2)
  2 white imps (D:6)
  An ufetubus (D:5)
  An adder skeleton (D:3)
  An adder zombie (D:3)
  2 worms (D:2)
  7 dart slugs
  67 orcs
  7 ball pythons
  9 bats
  13 endoplasms
  4 giant cockroaches
  12 hobgoblins
  3 jackals (D:1)
  3 quokkas
  A ball python skeleton (D:3)
  2 frilled lizards
  A gnoll skeleton (Crypt:1)
  7 goblins
  2 jackal skeletons (D:3)
  13 kobolds
  A quokka zombie (D:3)
  7 rats
  2 fulminant prisms (Crypt:1)
1431 creatures vanquished.

Vanquished Creatures (collateral kills)
  Margery (Vaults:4)
  Mlioglotl (Spider:2)
  A walking crystal tome (Depths:3)
  A quicksilver dragon (Depths:4)
  An Ice Fiend (Depths:3)
  A sphinx (Vaults:4)
  A fire giant (Depths:4)
  2 vault wardens
  3 ironbound preservers
  A reaper (Depths:3)
  2 curse skulls (Crypt:3)
  A draconian annihilator (Depths:4)
  A very ugly thing (Depths:3)
  2 stone giants
  A black draconian (Depths:4)
  A green draconian (Depths:4)
  An entropy weaver (Vaults:4)
  2 red draconians (Depths:4)
  3 white draconians (Depths:4)
  2 purple draconians (Depths:4)
  2 fire dragons
  A crystal guardian (Vaults:3)
  2 ice dragons
  2 spriggan air magi (Depths:4)
  An ironbound frostheart (Vaults:4)
  5 deep troll shamans
  A vampire mage (Depths:1)
  4 deep troll earth magi
  A spriggan berserker (Depths:4)
  A titan zombie (Crypt:3)
  7 hell knights (Vaults:4)
  An iron troll (Depths:2)
  A shadow demon (Depths:4)
  A wizard (Vaults:4)
  18 deep trolls
  An ironbound convoker (Vaults:4)
  A lindwurm (Vaults:1)
  3 necromancers (Vaults:4)
  A shining eye (Depths:4)
  3 ugly things
  2 elephants (Lair:6)
  A black mamba (shapeshifter) (D:13)
  A rust devil (Depths:4)
  A vault sentinel (Vaults:3)
  A storm dragon simulacrum (Depths:3)
  A cane toad (Lair:6)
  A torpor snail (Lair:6)
  A freezing wraith (Depths:3)
  2 yaktaurs (Vaults:4)
  2 ice devils (Depths:4)
  2 meliai (D:13)
  2 meliai zombies (D:11)
  A flying skull (Crypt:3)
  A vampire (Vaults:3)
  3 floating eyes (Depths:4)
  An ettin simulacrum (Depths:3)
  5 centaurs (D:11)
  A queen bee zombie (Crypt:3)
  A lava snake (D:10)
  2 orcs (D:11)
  A river rat skeleton (Crypt:3)
  12 fulminant prisms
131 creatures vanquished.

Vanquished Creatures (others)
  2 draconian annihilators (Depths:4)
  3 green draconians (Depths:4)
  A spark wasp (Depths:3)
  A fire dragon (Depths:4)
  3 ice dragons
  A deep troll earth mage (Vaults:4)
  A deep troll shaman (Depths:4)
  A sun demon (Depths:2)
  2 deep trolls (Vaults:4)
  An ugly thing (Vaults:3)
  A cane toad (shapeshifter) (D:13)
  A yaktaur (Vaults:4)
  2 freezing wraiths (Depths:3)
  A bloated husk (Swamp:4)
  A troll (D:11)
  A meliai (D:13)
  2 flying skulls (Crypt:3)
  A centaur (D:12)
  A hell rat (Lair:5)
  A fire vortex (Lair:3)
  4 foxfires
  690 fulminant prisms
  69 fungi
  197 plants
  15 withered plants
1003 creatures vanquished.

Grand Total: 2565 creatures vanquished

Notes
Turn   | Place    | Note
-------+----------+-------------------------------------------
     0 | D:1      | concernfroge the Deep Elf Conjurer began the quest for the
                  | Orb.
     0 | D:1      | Reached XP level 1. HP: 10/10 MP: 6/6
   364 | D:1      | Reached XP level 2. HP: 15/15 MP: 5/8
   773 | D:1      | Learned a level 2 spell: Searing Ray
  1235 | D:1      | Reached skill level 5 in Conjurations
  1235 | D:1      | Reached XP level 3. HP: 19/19 MP: 7/10
  1239 | D:1      | Learned a level 3 spell: Dazzling Flash
  1733 | D:2      | Reached skill level 1 in Hexes
  1848 | D:2      | Noticed Natasha
  1853 | D:2      | Killed Natasha
  1854 | D:2      | Reached XP level 4. HP: 21/24 MP: 4/12
  1859 | D:2      | Learned a level 4 spell: Fulminant Prism
  2182 | D:2      | Noticed Natasha
  2186 | D:2      | Killed Natasha
  2196 | D:2      | Found a faded altar of an unknown god.
  2309 | D:2      | Noticed Natasha
  2312 | D:2      | Killed Natasha
  2313 | D:2      | Reached skill level 5 in Spellcasting
  2313 | D:2      | Reached XP level 5. HP: 28/28 MP: 8/14
  2318 | D:2      | Learned a level 4 spell: Iskenderun's Mystic Blast
  2805 | D:2      | Reached skill level 1 in Translocations
  3317 | D:3      | Noticed Sigmund
  3322 | D:3      | Killed Sigmund
  3323 | D:3      | Reached XP level 6. HP: 32/32 MP: 4/16
  3752 | D:3      | Reached XP level 7. HP: 36/36 MP: 12/18
  4105 | D:3      | Found Davek's Book Shoppe.
  4180 | D:3      | Learned a level 4 spell: Cause Fear
  4544 | D:4      | Found a transporter.
  4558 | D:4      | Found a transporter.
  4598 | D:4      | Found a one-way gate to the infinite horrors of the Abyss.
  4598 | D:4      | Noticed quokkamancerX's ghost (amateur GnIE)
  4740 | D:4      | Reached skill level 5 in Hexes
  5471 | D:5      | Entered Level 5 of the Dungeon
  5484 | D:5      | Reached XP level 8. HP: 21/41 MP: 1/20
  6804 | D:6      | Reached skill level 1 in Evocations
  6959 | D:6      | Reached skill level 1 in Fighting
  7469 | D:6      | Noticed Eustachio
  7483 | D:6      | Killed Eustachio
  7484 | D:6      | Reached XP level 9. HP: 49/49 MP: 11/22
  7764 | D:6      | Found Enotayni's Armour Shoppe.
  7767 | D:6      | Bought a +0 pair of boots for 54 gold pieces
  7767 | D:6      | Bought a +2 robe of fire resistance for 212 gold pieces
  7855 | D:7      | Found a shadowy altar of Dithmenos.
  8078 | D:7      | Reached skill level 5 in Dodging
  8598 | D:7      | Found a staircase to the Ecumenical Temple.
  8652 | Temple   | Entered the Ecumenical Temple
  8794 | Temple   | Became a worshipper of Sif Muna the Loreminder
  9118 | D:8      | Reached skill level 5 in Evocations
  9268 | D:8      | Found Pirhuxyi's Magic Scroll Shop.
  9299 | D:8      | Found a staircase to the Lair.
  9820 | D:8      | Reached * piety under Sif Muna
  9857 | D:8      | Reached XP level 10. HP: 58/58 MP: 11/23
 10867 | Lair:1   | Entered Level 1 of the Lair of Beasts
 10888 | Lair:1   | Found a dark tunnel.
 10899 | Volcano  | Entered a volcano
 10939 | Volcano  | Reached skill level 5 in Fighting
 10964 | Volcano  | Reached skill level 1 in Invocations
 11430 | Volcano  | Noticed a molten gargoyle
 11436 | Volcano  | Killed a molten gargoyle
 11442 | Volcano  | Noticed a centaur warrior
 11448 | Volcano  | Killed a centaur warrior
 11453 | Volcano  | Noticed a hell knight
 11461 | Volcano  | Killed a hell knight
 11500 | Volcano  | Noticed a molten gargoyle
 11743 | Volcano  | Killed a molten gargoyle
 11812 | Volcano  | Found a bloodstained altar of Trog.
 11986 | Lair:1   | Reached XP level 11. HP: 63/64 MP: 0/24
 12149 | Lair:1   | Noticed a five-headed hydra
 12155 | Lair:1   | Killed a five-headed hydra
 12443 | Lair:1   | Reached skill level 5 in Invocations
 12454 | Lair:1   | Reached ** piety under Sif Muna
 12467 | Lair:1   | Reached skill level 10 in Dodging
 13297 | Lair:2   | Noticed an eight-headed hydra
 13304 | Lair:2   | Killed an eight-headed hydra
 14046 | Lair:2   | Noticed an eight-headed hydra
 14053 | Lair:2   | Killed an eight-headed hydra
 14054 | Lair:2   | Reached XP level 12. HP: 72/72 MP: 5/25
 14241 | Lair:2   | Found a staircase to the Swamp.
 14642 | Lair:3   | Reached skill level 10 in Evocations
 14712 | Lair:3   | Gained mutation: Potions are less effective at restoring
                  | your health. [potion of mutation]
 14712 | Lair:3   | Gained mutation: Armour fits poorly on your strangely
                  | shaped body. [potion of mutation]
 15023 | Lair:3   | Lost mutation: Armour fits poorly on your strangely shaped
                  | body. [potion of mutation]
 15023 | Lair:3   | Lost mutation: Potions are less effective at restoring your
                  | health. [potion of mutation]
 15023 | Lair:3   | Gained mutation: You are partially covered in iridescent
                  | scales. (AC +2) [potion of mutation]
 15023 | Lair:3   | Gained mutation: You are weak. (Str -2) [potion of
                  | mutation]
 15023 | Lair:3   | Gained mutation: Your mind is acute. (Int +2) [potion of
                  | mutation]
 15023 | Lair:3   | Gained mutation: You possess an exceptional clarity of
                  | mind. [potion of mutation]
 15605 | Lair:3   | Identified the ring "Wivvitep" {Drain Will+ rCorr Dex+3}
 15642 | Lair:3   | Found a hole to the Spider Nest.
 15898 | Lair:4   | Noticed a catoblepas
 15912 | Lair:4   | Killed a catoblepas
 16246 | Lair:4   | Reached *** piety under Sif Muna
 16385 | Lair:4   | Found a hide-covered altar of Uskayaw.
 16420 | Lair:4   | Noticed an eight-headed hydra
 16426 | Lair:4   | Killed an eight-headed hydra
 17099 | Lair:5   | Reached skill level 10 in Invocations
 17353 | Lair:5   | Noticed a death yak
 17353 | Lair:5   | Noticed a death yak
 17363 | Lair:5   | Noticed a death yak
 17366 | Lair:5   | Killed a death yak
 17366 | Lair:5   | Killed a death yak
 17367 | Lair:5   | Reached skill level 10 in Fighting
 17367 | Lair:5   | Reached XP level 13. HP: 82/82 MP: 7/26
 17386 | Lair:5   | Reached skill level 5 in Translocations
 17924 | Lair:5   | Found a staircase to the Slime Pits.
 17924 | Lair:5   | Found a viscous altar of Jiyva.
 18216 | Lair:5   | Identified the +11 quick blade of Stained Subterfuge
                  | {antimagic, Str+7}
 18217 | Lair:5   | Identified the ring of Doubts {rC+ rCorr Int+3}
 18793 | Lair:6   | Entered Level 6 of the Lair of Beasts
 18798 | Lair:6   | Reached **** piety under Sif Muna
 19929 | Lair:6   | Found a runed translucent door.
 19953 | Lair:6   | Reached skill level 10 in Spellcasting
 20966 | D:3      | Bought a book of Displacement for 336 gold pieces
 20970 | D:3      | Learned a level 3 spell: Gell's Gravitas
 20974 | D:3      | Learned a level 3 spell: Teleport Other
 20978 | D:3      | Learned a level 3 spell: Lesser Beckoning
 21102 | D:9      | Reached XP level 14. HP: 86/88 MP: 13/30
 21338 | D:9      | Reached skill level 10 in Hexes
 21581 | D:9      | Found a staircase to the Orcish Mines.
 21625 | D:9      | Found a transporter.
 21664 | D:9      | Found Anaampiti's Changing Room.
 21678 | D:9      | Bought a wand of polymorph (6) for 88 gold pieces
 21715 | D:9      | Found a transporter.
 21757 | D:9      | Noticed bchevrier's ghost (journeyman GnWn)
 21986 | D:10     | Entered Level 10 of the Dungeon
 21986 | D:10     | Noticed Nergalle
 21993 | D:10     | Killed Nergalle
 22248 | D:10     | Found a basalt altar of Yredelemnul.
 22736 | D:11     | Found Fuorch Jipta's Jewellery Boutique.
 22755 | D:11     | Found a portal to a secret trove of treasure.
 22852 | D:11     | Reached ***** piety under Sif Muna
 22916 | D:11     | Learned a level 5 spell: Iskenderun's Battlesphere
 22965 | D:11     | Reached skill level 10 in Conjurations
 23191 | D:11     | Bought an amulet of reflection for 510 gold pieces
 23405 | D:10     | Found Hyjum's Weapon Emporium.
 23594 | D:12     | Reached skill level 1 in Shields
 23978 | D:12     | Found a radiant altar of Vehumet.
 24906 | D:12     | Found a runed translucent door.
 24910 | D:12     | Identified the +1 spear of the Depths {antimagic, rC+
                  | Int+6}
 24910 | D:12     | Noticed Stomo's ghost (journeyman DsMo)
 25274 | D:13     | You fall into a shaft and drop 1 floor!
 25291 | D:13     | Reached skill level 5 in Shields
 25951 | D:13     | Found a gate to the Vaults.
 27395 | D:15     | Entered Level 15 of the Dungeon
 27397 | D:15     | Noticed a fire giant
 27564 | D:15     | Found a runed translucent gate.
 27564 | D:15     | Found a runed translucent gate.
 27564 | D:15     | Found a runed translucent gate.
 27564 | D:15     | Noticed Puceqeiv's ghost (journeyman FoWn)
 28232 | D:15     | Reached XP level 15. HP: 75/91 MP: 17/32
 28243 | D:15     | Found a staircase to the Depths.
 28809 | Orc:1    | Entered Level 1 of the Orcish Mines
 28813 | Orc:1    | Noticed Erica
 28819 | Orc:1    | Killed Erica
 29427 | Orc:1    | Found a radiant altar of Vehumet.
 29598 | Orc:2    | Entered Level 2 of the Orcish Mines
 29598 | Orc:2    | Found a staircase to the Elven Halls.
 29749 | Orc:2    | Noticed an orc warlord
 29758 | Orc:2    | Received a gift from Sif Muna
 29761 | Orc:2    | Killed an orc warlord
 30007 | Orc:2    | Got Giox's Reference Book on Enchantment {god gift}
 30010 | Orc:2    | Found Vomoarchik's Antique Weapon Shoppe.
 30159 | Orc:2    | Found Roibrawn's Jewellery Boutique.
 30379 | Orc:2    | Reached skill level 10 in Shields
 30771 | Orc:2    | Found Ewuihyemed's Antique Armour Emporium.
 30792 | Orc:2    | Found Ladoiczerio's General Store.
 30800 | Orc:2    | Bought 2 potions of heal wounds for 150 gold pieces
 30800 | Orc:2    | Bought a potion of curing for 45 gold pieces
 30800 | Orc:2    | Bought 2 potions of curing for 90 gold pieces
 31047 | Orc:2    | Bought the amulet of Youthful Indiscretion {Faith rPois}
                  | for 870 gold pieces
 31082 | Orc:2    | Bought an embroidered scarf for 288 gold pieces
 31254 | Swamp:1  | Entered Level 1 of the Swamp
 31683 | Swamp:1  | Noticed a fenstrider witch
 31688 | Swamp:1  | Killed a fenstrider witch
 32457 | Swamp:1  | Identified the +8 quarterstaff "Jafy" {protect, Drain
                  | +Blink Will+ rCorr}
 32484 | Swamp:2  | Noticed a fenstrider witch
 32490 | Swamp:2  | Killed a fenstrider witch
 33127 | Swamp:2  | Noticed a tentacled monstrosity
 33133 | Swamp:2  | Killed a tentacled monstrosity
 33269 | Swamp:2  | Noticed a tentacled monstrosity
 33277 | Swamp:2  | Killed a tentacled monstrosity
 33888 | Swamp:2  | You fall into a shaft and drop 1 floor!
 34219 | Swamp:3  | Reached XP level 16. HP: 78/97 MP: 1/33
 34876 | Swamp:3  | Received a gift from Sif Muna
 35001 | Swamp:3  | Got Sif Muna's Papyrus of the Rocks and Contamination {god
                  | gift}
 35180 | Swamp:4  | Entered Level 4 of the Swamp
 35191 | Swamp:4  | Noticed a thorn hunter
 35308 | Swamp:4  | Killed a thorn hunter
 36273 | Swamp:4  | Reached skill level 10 in Translocations
 36996 | Swamp:4  | Got a decaying rune of Zot
 37246 | Swamp:1  | Learned a level 7 spell: Orb of Destruction
 37326 | Spider:1 | Entered Level 1 of the Spider Nest
 37503 | Spider:1 | Received a gift from Sif Muna
 38448 | Spider:2 | Noticed Louise
 38454 | Spider:2 | Killed Louise
 38878 | Spider:2 | Noticed Arachne
 38887 | Spider:2 | Killed Arachne
 39051 | Spider:2 | Learned a level 6 spell: Dispersal
 39052 | Spider:2 | Noticed Mlioglotl
 39060 | Spider:2 | Noticed a bone dragon
 39061 | Spider:2 | Killed Mlioglotl
 39062 | Spider:2 | Reached XP level 17. HP: 92/102 MP: 21/36
 40720 | Spider:3 | Received a gift from Sif Muna
 40835 | Spider:3 | Got Sif Muna's Papyrus of Execration {god gift}
 40838 | Spider:3 | Learned a level 1 spell: Slow
 41066 | Spider:3 | Identified the +9 hunting sling of Valiance {freeze, rElec
                  | rF+++ rN+++ Str-4}
 42702 | Spider:4 | Entered Level 4 of the Spider Nest
 43406 | Spider:4 | Got the Reference Book on Congealing Toxins
 43480 | Spider:4 | Received a gift from Sif Muna
 43634 | Spider:4 | Reached skill level 15 in Spellcasting
 43692 | Spider:4 | Reached skill level 15 in Hexes
 44169 | Spider:4 | Got a gossamer rune of Zot
 44665 | Vaults:1 | Entered Level 1 of the Vaults
 45097 | Vaults:1 | Noticed Asterion
 45104 | Vaults:1 | Killed Asterion
 45234 | Vaults:1 | Reached XP level 18. HP: 105/107 MP: 10/39
 45250 | Vaults:1 | Received a gift from Sif Muna
 45256 | Vaults:1 | Got Sif Muna's Collected Works on Clay and Combat Magic
                  | {god gift}
 45825 | Vaults:1 | Found Borymp's Antique Armour Shoppe.
 45865 | Vaults:1 | Bought a twisted robe for 108 gold pieces
 45865 | Vaults:1 | Identified the +2 robe of the Black Moon {rPois rN++ Str+3}
                  | (You bought it in a shop on level 1 of the Vaults)
 48084 | Vaults:2 | Reached skill level 15 in Conjurations
 48242 | Vaults:2 | Found Cokkeisk's Assorted Antiques.
 48382 | Vaults:2 | Received a gift from Sif Muna
 48424 | Vaults:2 | Got Sif Muna's Disquisition on Congealing Orientation {god
                  | gift}
 48923 | Vaults:2 | Noticed a lich
 48937 | Vaults:2 | Killed a lich
 49028 | Vaults:2 | Learned a level 8 spell: Discord
 49245 | Vaults:3 | Reached XP level 19. HP: 112/112 MP: 14/42
 49641 | Vaults:3 | Identified the +3 trident of the Glowing Lamprey {vorpal,
                  | rElec Str+2}
 49654 | Vaults:3 | Found Anwiekh's Magic Scroll Shoppe.
 50765 | Vaults:3 | Found a staircase to the Crypt.
 51359 | Vaults:4 | Found the ring of the Octopus King
 51366 | Vaults:4 | Identified a ring of the Octopus King {rN+ AC+1 EV+1 Str+1
                  | Int+1 Dex+1}
 51460 | Vaults:4 | Reached skill level 15 in Translocations
 51869 | Vaults:4 | Identified the +2 whip of the Apocalypse {vorpal, Int+4
                  | Dex+6}
 52648 | Vaults:4 | Found Fetoasec's Antique Weapon Shoppe.
 52863 | Vaults:4 | Noticed Margery
 52865 | Vaults:4 | Killed Margery
 53653 | Vaults:4 | Learned a level 4 spell: Passage of Golubria
 53857 | Depths:1 | Entered Level 1 of the Depths
 54082 | Depths:1 | Found Wyfaloh's Antique Armour Boutique.
 54085 | Depths:1 | Found Digoa's Book Shop.
 54085 | Depths:1 | Found Suonov's Distillery.
 54090 | Depths:1 | Found Lecucaur's Weapon Shop.
 54093 | Depths:1 | Bought a book of Maledictions for 510 gold pieces
 54106 | Depths:1 | Bought a potion of heal wounds for 95 gold pieces
 54106 | Depths:1 | Bought 2 potions of magic for 304 gold pieces
 54106 | Depths:1 | Bought a potion of heal wounds for 95 gold pieces
 54106 | Depths:1 | Bought a potion of brilliance for 76 gold pieces
 54271 | Depths:1 | Found a one-way gate leading to the halls of Pandemonium.
 54378 | Depths:1 | Received a gift from Sif Muna
 54532 | Depths:1 | Got Sif Muna's Compendium of Displaced Lightness {god gift}
 54724 | Depths:1 | Found a gateway to Hell.
 54875 | Depths:1 | Found a basalt altar of Yredelemnul.
 55412 | Depths:2 | Reached XP level 20. HP: 40/117 MP: 12/45
 55685 | Depths:1 | Learned a level 7 spell: Enfeeble
 56394 | Depths:2 | Noticed a juggernaut
 57216 | Depths:2 | Found a transporter.
 57483 | Depths:3 | Noticed Mara
 57495 | Depths:3 | Killed Mara
 57785 | Depths:3 | Identified the ring of Surprise {Str+4 Int+3 Dex+6}
 60724 | Depths:4 | Entered Level 4 of the Depths
 60811 | Depths:4 | Identified a scroll of acquirement
 62520 | Depths:4 | Identified the +6 leather armour "Ivapn" {*Corrode rPois
                  | rF+ rC++}
 62540 | Depths:4 | Noticed a golden dragon
 62545 | Depths:4 | Killed a golden dragon
 62545 | Depths:4 | Noticed a golden dragon
 62553 | Depths:4 | Killed a golden dragon
 63019 | Depths:4 | Reached XP level 21. HP: 122/122 MP: 15/47
 63202 | Depths:4 | HP: 4/122 [purple draconian/bolt of dispelling energy (48)]
 63660 | Depths:4 | Identified the +3 long sword of Epsysima {vorpal, rElec
                  | Int+7 Dex-2}
 63929 | Depths:4 | Found a gate to the Realm of Zot.
 64826 | Depths:4 | Found a one-way gateway to a ziggurat.
 64827 | Depths:4 | Paralysed by a floating eye for 3 turns
 64833 | Depths:4 | Paralysed by a floating eye for 3 turns
 65159 | Depths:4 | Acquired 772 gold pieces
 65769 | Orc:2    | Bought the amulet "Luegicso" {Faith rElec Will+ rCorr
                  | Int-4} for 965 gold pieces
 65795 | Orc:2    | Learned a level 8 spell: Disjunction
 66080 | Crypt:1  | Entered Level 1 of the Crypt
 67541 | Crypt:1  | Identified the ring "Gohocvu" {Fly rN+}
 68280 | Crypt:1  | Found a basalt altar of Yredelemnul.
 68284 | Crypt:1  | Noticed a profane servitor
 68287 | Crypt:1  | Killed a profane servitor
 68515 | Crypt:1  | Identified the +5 scale mail of Beogh's Benevolence {rF+}
 70049 | Crypt:3  | Entered Level 3 of the Crypt
 70449 | Crypt:3  | Reached XP level 22. HP: 127/127 MP: 16/49
 70593 | Crypt:3  | Found a staircase to the Tomb.
 70980 | Crypt:3  | Found the +4 dagger "Morg" {pain, Will+ Int+5}
 70980 | Crypt:3  | Found the ring of Shadows {Umbra +Inv Stlth+}
 71316 | Crypt:3  | Noticed a dread lich
 71316 | Crypt:3  | Noticed an ancient lich
 71696 | Crypt:3  | Noticed an ancient lich
 71710 | Crypt:3  | Got Sif Muna's Tome of Earthen Necromancy
 71728 | Crypt:3  | Killed from afar by an ancient lich

Illustrated notes

Levels and vault maps discovered:
D:1:      sevenhm_arrival_forest_fort_small_5, layout_loops_corners,
          chequers_avenue
D:2:      layout_basic, nicolae_ecumenical_pavilion, serial_forest,
          infiniplex_forest_lined_2, infiniplex_forest_lined_1,
          infiniplex_forest_end_1, infiniplex_forest_lined_ring,
          infiniplex_forest_zigzag_1, infiniplex_forest_clump_tiny,
          infiniplex_forest_clump_small, kennysheep_big_empty_room,
          minmay_tromino_v7, uniq_natasha
D:3:      layout_basic, serial_undead, serial_undead_b, serial_undead_b,
          serial_undead_c, serial_undead_a, serial_undead_b, serial_undead_b,
          serial_undead_f, serial_undead_c, serial_shops,
          nicolae_shop_advertising_works [nicolae_subvault_shop_adworks],
          minmay_joined_circles, uniq_sigmund
D:4:      layout_loops_ring, gammafunk_ghost_abyssal_escape
D:5:      layout_basic, minmay_fractal_squares_diagonal_5
D:6:      layout_cave_pools, serial_shops, nicolae_shop_behind_doors,
          uniq_eustachio
D:7:      layout_loops_cross, nicolae_dithmenos_through_a_glass_darkly,
          temple_fountains
D:8:      layout_basic, lair_entry_dummy, serial_bayou, serial_bayou_shore_a,
          serial_bayou_lake_a, serial_bayou_lagoon_a, serial_bayou_pond_d,
          nicolae_stop_n_shop_1
D:9:      layout_rooms, minmay_orc_entry_temple_small, gammafunk_ghost_hive,
          nicolae_transmutations_shop, minmay_misc_feat_square
D:10:     layout_irregular_city, mainiacjoe_overflow_cross_hatched,
          serial_shops, shop, disabler_island, uniq_nergalle
D:11:     layout_roguey, enter_trove_2, minmay_shop_enchanted_jewellery
D:12:     layout_stronghold, ebering_ghost_funeral_grove,
          nicolae_vehumet_radiance
D:13:     layout_irregular_city, david_vaults_5, chequers_serial_rivers_room_b
D:14:     layout_layer_cave, serial_park_square2, argonaut_gorgonesque
D:15:     gammafunk_depths_entry_grave, layout_small_grid,
          gammafunk_ghost_split, hangedman_abyss_or_decor_passed,
          gauntlet_entry_generic, grunt_decor_arrowhead
Temple:   regret_index_temple_chain_breaker
Lair:1:   layout_chaotic_city, nicolae_volcano_entry_hallway,
          hangedman_lair_unloving_vines, pond
Lair:2:   wander_river, layout_layer_cave, nicolae_swamp_entry_splash_gauntlet
Lair:3:   layout_gridlike, spider_nest_entry_webs, st_stairs_4
Lair:4:   layout_hall_layers, basic_altar, nicolae_lair_grove_arrangements
Lair:5:   beast_lair_carwin_large_3, layout_loops_ring, slime_altar_1,
          worms_lemuel, grunt_megastairs_5
Lair:6:   wormcave, layout_long_grid
Swamp:1:  layout_basic_swamp, evilmike_swamp_ruin_rubble_1
Swamp:2:  nzn_winding_woodlands_small
          [nzn_winding_woodlands_5x15_river_crossing,
          nzn_winding_woodlands_center_lodge, nzn_winding_woodlands_5x15_cabin],
          layout_falls_marsh, nicolae_swamp_very_dense_foliage, swamp_pool5,
          water_boxes_lemuel, infiniplex_staircase_pool_2
Swamp:3:  layout_basic_swamp, serial_swamp_ruin, evilmike_swamp_ruin_wall,
          evilmike_swamp_ruin_house_5
Swamp:4:  swamp_vile, layout_basic_swamp
Spider:1: layout_spider_delve
Spider:2: layout_spider_delve, uniq_louise, uniq_mlioglotl, uniq_arachne
Spider:3: layout_spider_delve, drop_trap
Spider:4: grunt_spider_rune_parallel
Orc:1:    layout_caves, basic_altar, uniq_erica
Orc:2:    grunt_orc_gardens, layout_caves, grunt_orc_garden, grunt_orc_garden,
          grunt_orc_garden, grunt_orc_garden
Vaults:1: vaults_dpeg_diagonal, hangedman_vaults_river_flow,
          nicolae_vaults_what_the_h, vaults_room_door_ring,
          nicolae_vaults_holding_cells, ontoclasm_vaults_ring_small,
          vaults_room_fours, nicolae_vaults_little_squares_3,
          nicolae_vaults_diagonal_hallway_6,
          hangedman_vaults_stretched_pinwheel, v_rooms_5, ontoclasm_vaults_chip,
          layout_vaults_big_room, serial_shops, nicolae_shop_overgrown_old_shop,
          uniq_asterion
Vaults:2: vaults_room_glass_cross, nicolae_vaults_angled_halls, v_misc_24,
          nicolae_vaults_border_crossing, ontoclasm_vaults_ring_square,
          nicolae_vaults_bisected_slash, vaults_room_fours, v_pattern_4,
          grunt_vaults_bifocal, vaults_dpeg_hooks, ontoclasm_vaults_gateway,
          nicolae_vaults_mini_display_case, layout_vaults_maze_bifur,
          serial_shops, shop_statue
Vaults:3: minmay_crypt_entry_vampire_xt,
          vaults_standard_mumra_enter_the_diamond, hangedman_vaults_impose,
          st_lattice, hangedman_vaults_trim,
          hangedman_vaults_stretched_pinwheel, dpeg_vaults_monster_box,
          vaults_dpeg_ring, layout_vaults_omnigrid, serial_shops, shop
Vaults:4: v_misc_23, hangedman_vaults_nails, nicolae_vaults_network_square,
          hangedman_vaults_stagger, nicolae_vaults_ninety_degrees,
          ontoclasm_vaults_hangar, hangedman_vaults_restitches,
          vaults_room_fancy_cross, nicolae_vaults_little_ls,
          layout_vaults_omnibox, serial_shops, shop_statue, uniq_margery
Crypt:1:  gammafunk_crypt_yreds_forest, layout_gridlike
Crypt:2:  layout_gridlike
Crypt:3:  david_glass_crypt, layout_chaotic_city, chequers_big_river
Depths:1: layout_gridlike, hell_entry, minmay_misc_feat_five,
          minmay_room_of_horrors, rand_demon_pan_entry_5,
          kennysheep_nondescript, eino_tiny_chamber,
          lemuel_zombie_altar_yredelemnul, minmay_shoptagon,
          serial_bayou_shore_b
Depths:2: emtedronai_trogs_sanctum, layout_honeycomb, lightli_too_deep,
          rand_demon_pan_entry_3, dk_noncrumbling_2
Depths:3: dreamdust_isle_of_ice, layout_basic, grunt_hell_entry_dis_old,
          abyss_entry_crystal, infiniplex_staircase_squiggle, uniq_mara
Depths:4: lemuel_castle_with_subvaults [lemuel_castle_interior_carwin_3],
          layout_basic, enter_ziggurat_c, hangedman_abyss_entry_splay,
          pf_coc_iceberg, rand_demon_pan_entry_9, hangedman_glass_teeth,
          minmay_splitting_lines

Skill      XL: |  1  2  3  4  5  6  7  8  9 10 11 12 13 14 15 16 17 18 19 20 21 22 |
---------------+-------------------------------------------------------------------+-----
Spellcasting   | 4 5 6 7 10 11 13 15 17 19 20 21 22 | 22.0
Conjurations   | 5 6 7 9 10 12 13 15 16 17 19 | 19.2
Hexes          | 1 2 4 5 6 9 10 11 13 15 17 19 20 21 22 | 22.0
Translocations | 2 4 7 8 11 12 14 15 17 18 | 18.5
Evocations     | 3 6 8 9 10 | 10.0
Fighting       | 2 4 6 7 10 | 10.0
Dodging        | 4 7 9 11 12 | 12.0
Invocations    | 4 7 10 | 10.0
Shields        | 8 12 | 12.0
Stealth        | |  2.4

Action                   |  1- 3 |  4- 6 |  7- 9 | 10-12 | 13-15 | 16-18 | 19-21 | 22-24 || total
-------------------------+-------+-------+-------+-------+-------+-------+-------+-------++-------
Melee: Dagger            |       |     7 |       |       |       |       |       |       ||     7
       Staff             |       |       |     5 |       |    17 |       |     1 |       ||    23
 Cast: Magic Dart        |    55 |    50 |   109 |    55 |   150 |   254 |   273 |     6 ||   952
       Searing Ray       |     5 |    19 |    55 |    38 |    80 |    92 |    72 |       ||   361
       Fulminant Prism   |       |     9 |    28 |   128 |   234 |   154 |   150 |     5 ||   708
       Iskenderun's Myst |       |       |    15 |    63 |   160 |   256 |   313 |    13 ||   820
       Iskenderun's Batt |       |       |       |       |    55 |   132 |   170 |     6 ||   363
       Cause Fear        |       |       |       |       |     6 |     1 |       |       ||     7
       Lesser Beckoning  |       |       |       |       |     1 |       |       |       ||     1
       Gell's Gravitas   |       |       |       |       |     2 |    22 |       |       ||    24
       Orb of Destructio |       |       |       |       |       |     7 |   140 |    19 ||   166
       Dazzling Flash    |       |       |       |       |       |     3 |       |       ||     3
       Slow              |       |       |       |       |       |     1 |     1 |       ||     2
       Discord           |       |       |       |       |       |       |    60 |     6 ||    66
       Passage of Golubr |       |       |       |       |       |       |     2 |     2 ||     4
       Enfeeble          |       |       |       |       |       |       |    77 |       ||    77
       Dispersal         |       |       |       |       |       |       |     1 |       ||     1
       Disjunction       |       |       |       |       |       |       |       |     2 ||     2
Invok: Channel Magic     |       |       |       |    12 |    26 |    26 |    62 |     4 ||   130
Evoke: Wand              |       |       |    11 |    23 |    50 |    64 |     2 |       ||   150
       Phantom mirror    |       |       |       |       |     3 |     2 |       |       ||     5
       Box of beasts     |       |       |       |       |     2 |       |       |       ||     2
  Use: Scroll            |       |     6 |     9 |     6 |     7 |     6 |     9 |     1 ||    44
       Potion            |       |     6 |     3 |     7 |     2 |       |     3 |     3 ||    24
Armor: Robe              |       |     2 |    10 |    19 |    42 |    68 |    17 |     3 ||   161
Dodge: Dodged            |     3 |    14 |    31 |    49 |    98 |   105 |    88 |     4 ||   392
       Repelled          |       |       |       |       |       |     2 |     8 |       ||    10
Block: Kite shield       |       |       |       |       |    38 |   113 |    51 |     3 ||   205
       Buckler           |       |       |       |       |     5 |       |       |       ||     5
       Reflection        |       |       |       |       |    13 |    18 |    10 |       ||    41
